 Dungeon Crawl Stone Soup version 0.29-a0-982-gaed3a0c8d8 (webtiles) character file.

Game seed: 2590228362751226695

4 MisterAzrael the Caller (level 1, -2/10 HPs)
             Began as a Deep Elf Summoner on Aug 2, 2022.
             Slain by a hobgoblin (5 damage)
             ... on level 1 of the Dungeon.
             The game lasted 00:00:18 (42 turns).

MisterAzrael the Caller (Deep Elf Summoner)           Turns: 42, Time: 00:00:18

Health: -2/10      AC:  2    Str:  5    XL:     1   Next: 58%
Magic:  5/6        EV: 12    Int: 19    God:
Gold:   0          SH:  0    Dex: 15    Spells: 5/6 levels left

rFire   . . .      SeeInvis .   (no weapon)
rCold   . . .      Faith    .   (no shield)
rNeg    . . .      Spirit   .   a - +0 robe
rPois   .          Reflect  .   (no helmet)
rElec   .          Harm     .   (no cloak)
rCorr   .          Rampage  .   (no gloves)
Will    .....                   (no boots)
Stlth   ++........              (no amulet)
HPRegen 0.03/turn               (no ring)
MPRegen 0.10/turn               (no ring)

@: no status effects
A: no striking features
a: no special abilities


You were on level 1 of the Dungeon.
You visited 1 branch of the dungeon, and saw 1 of its levels.

Inventory:

Armour
 a - a +0 robe (worn)
Potions
 b - a potion of magic


   Skills:
 - Level 2.4 Dodging
 - Level 2.4 Stealth
 + Level 3.1 Spellcasting
 * Level 4.6 Summonings


You had 5 spell levels left.
You knew the following spells:

 Your Spells              Type           Power      Damage    Failure   Level
a - Summon Small Mammal   Summ           80%        N/A       2%          1

Your spell library contained the following spells:

 Spells                   Type           Power      Damage    Failure   Level
 Call Imp                 Summ           20%        N/A       3%          2
 Call Canine Familiar     Summ           20%        N/A       7%          3
 Summon Guardian Golem    Hex/Summ       11%        N/A       17%         3
 Summon Lightning Spire   Summ/Air       11%        N/A       50%         4


Dungeon Overview and Level Annotations

Branches:
Dungeon (1/15)

Altars:


Message History

The goblin attacks as you move away! The goblin closely misses you.
Your quokka closely misses the goblin.
The giant cockroach misses your quokka.
Your quokka misses the goblin.
An endoplasm comes into view.
You barely miss the goblin.
The goblin is severely wounded.
The giant cockroach bites your quokka.
Your quokka bites the giant cockroach.
The goblin hits you but does no damage.
Your quokka bites the giant cockroach.
The giant cockroach dies!
The goblin hits you but does no damage.
Your quokka barely misses the goblin.
The goblin hits you with a +0 club.
Your quokka closely misses the goblin.
The endoplasm hits your quokka but does no damage.
The goblin barely misses you.
Your quokka barely misses the goblin.
The endoplasm closely misses your quokka.
Something misses your quokka. The goblin hits you but does no damage.
Your quokka bites the goblin.
The goblin dies!
The endoplasm hits your quokka. Something barely misses your quokka.
You swap places.
You swap places.
You swap places.
Your rat bites the endoplasm.
Your quokka bites the endoplasm but does no damage.
Your rat bites the endoplasm.
The endoplasm freezes you.
You are frozen.
Your quokka bites the endoplasm.
The endoplasm dies!
Your quokka misses the hobgoblin.
Your rat closely misses the hobgoblin.
The hobgoblin hits you.
* * * LOW HITPOINT WARNING * * *
You swap places.
Your quokka completely misses the hobgoblin.
Your quokka bites the hobgoblin but does no damage.
Your rat bites the hobgoblin.
The hobgoblin hits you.
Ouch! That really hurt!
You die...

............
.."........
...>....
......
...####
##.###.#
#Jg#...#
#.##.###
#.##)#@...#
#...rgr#..#
########..# #
#...#.###...#
#....<....#
#...###.#...#
## ..#####
#..# #...


You could see a hobgoblin (ally target), a friendly quokka (summoned) and a
friendly rat (summoned).

Vanquished Creatures (collateral kills)
  An endoplasm (D:1)
  A giant cockroach (D:1)
  A goblin (D:1)
  A bat (D:1)
4 creatures vanquished.

Notes
Turn   | Place    | Note
-------+----------+-------------------------------------------
     0 | D:1      | MisterAzrael the Deep Elf Summoner began the quest for the
                  | Orb.
     0 | D:1      | Reached XP level 1. HP: 10/10 MP: 6/6
    42 | D:1      | Slain by a hobgoblin

Illustrated notes

Levels and vault maps discovered:
D:1:      psy_arrival_radial01, layout_basic

Action                   || total
-------------------------++-------
Melee: Unarmed           ||     1
 Cast: Summon Small Mamm ||     3
Armor: Robe              ||     4
Dodge: Dodged            ||     5

Table legend: (Time is in decaauts)
 A = Elapsed time spent in this place.
 B = Non-inter-level travel time spent in this place.
 C = Inter-level travel time spent in this place.
 D = Time resting spent in this place.
 E = Time spent auto-exploring this place.
 F = Levels seen in this place.
 G = Mean time per level.
                   A        B        C        D        E       F      G
               +--------+--------+--------+--------+--------+-----+--------+
         Total |     42 |     42 |      0 |      0 |     14 |   1 |   42.0 |
       Dungeon |     42 |     42 |      0 |      0 |     14 |   1 |   42.0 |
               +--------+--------+--------+--------+--------+-----+--------+

Top non-repeatable levels by time:
     D:1: 42 daAuts
